 Dungeon Crawl Stone Soup version 0.30-a0-879-ga8ba668304 (webtiles) character file.

Game seed: 16405256512987448273

79 Parcival the Grave Robber (level 4, -2/30 HPs)
             Began as a Vampire Necromancer on Mar 13, 2023.
             Slain by Grinder (6 damage)
             ... on level 3 of the Dungeon.
             The game lasted 00:10:51 (2775 turns).

Parcival the Grave Robber (Vampire Necromancer)     Turns: 2775, Time: 00:10:51

Health: -2/30      AC:  0    Str:  7    XL:     4   Next: 17%
Magic:  8/8        EV: 12    Int: 19    God:
Gold:   63         SH:  0    Dex: 14    Spells: 7/8 levels left

rFire   . . .      SeeInvis +    h - +0 short sword
rCold   . . .      Faith    .    (no shield)
rNeg    . . .      Spirit   .    (no body armour)
rPois   .          Reflect  .    (no helmet)
rElec   .          Rampage  .    (no cloak)
rCorr   .                        (no gloves)
Will    .....                    (no boots)
Stlth   ++                       (no amulet)
HPRegen 0.45/turn                (no ring)
MPRegen 0.11/turn                (no ring)

@: healing quickly
A: alive, fangs 3, see invisible, vampiric 2
a: Exsanguinate


You were on level 3 of the Dungeon.
You visited 1 branch of the dungeon, and saw 3 of its levels.

You collected 63 gold pieces.

Inventory:

Hand Weapons
 c - a +0 trident
 h - a +0 short sword (weapon)
 j - a +0 dagger
 l - a +0 quarterstaff
Armour
 a - a +0 robe
 b - a +0 chain mail of cold resistance
Jewellery
 e - a +4 ring of protection
Scrolls
 f - a scroll of immolation {unknown}
 i - 3 scrolls of teleportation
 k - a scroll of amnesia {unknown}
Potions
 d - 2 potions of attraction
 g - a potion of heal wounds {unknown}


   Skills:
 + Level 0.2 Fighting
 + Level 0.3 Short Blades
 + Level 2.3 Dodging
 + Level 3.0 Stealth
 + Level 0.6 Unarmed Combat
 + Level 2.6 Spellcasting
 + Level 5.6 Necromancy


You had 7 spell levels left.
You knew the following spells:

 Your Spells              Type           Power      Damage    Failure   Level
a - Necrotise             Necr           92%        1d8       1%          1

Your spell library contained the following spells:

 Spells                   Type           Power      Damage    Failure   Level
 Vampiric Draining        Necr           23%        2d7       4%          3
 Animate Dead             Necr           23%        N/A       16%         4
 Agony                    Necr           23%        N/A       41%         5
 Dazzling Flash           Conj/Hex       4%         N/A       43%         3
 Iskenderun's Mystic Bla  Conj/Tloc      2%         2d3       83%         4
 Starburst                Conj/Fire      1%         6d3       100%        6


Dungeon Overview and Level Annotations

Branches:
Dungeon (3/15)

Altars:
Okawaru
Wu Jian

Annotations:
D:3 Grinder


Innate Abilities, Weirdness & Mutations

Your natural rate of healing is accelerated.
You have razor-sharp teeth.
You have supernaturally acute eyesight. (SInv)
You are afflicted with vampirism and can become a bat while bloodless.


Message History

The dead are walking!
g - a viscous green potion
Things that are here:
a +0 dagger; 4 stones
Things that are here:
a +0 short sword; a stone
h - a +0 short sword (weapon)
Your goblin skeleton crumbles into dust!
Your magical contamination has completely faded away.
k - a scroll labelled XUKKUT QOTHROGH
Found a stone staircase leading up.
You see here a viscous green potion.
Grinder is nearby!
Casting: Necrotise (safe; 1% risk of failure)
Confirm with . or Enter, or press ? or * to list all spells.
You can't see any susceptible monsters within range! (Use Z to cast anyway.) Grinder blinks!
Casting: Necrotise (safe; 1% risk of failure)
Confirm with . or Enter, or press ? or * to list all spells.
You can't see any susceptible monsters within range! (Use Z to cast anyway.) Grinder barely misses you.
You hit Grinder.
Grinder is lightly wounded.
Grinder hits you!
You hit Grinder.
Grinder is lightly wounded.
Grinder hits you.
You writhe in agony.
You closely miss Grinder.
Grinder is lightly wounded.
Grinder barely misses you.
You hit Grinder but do no damage. Your bite misses Grinder.
Grinder is lightly wounded.
Grinder gestures at you. Pain shoots through your body!
You hit Grinder. Your bite misses Grinder.
Grinder is lightly wounded.
Grinder hits you!
* * * LOW HITPOINT WARNING * * *
You writhe in agony.
You die...

## ###.......#... #
#.........##
##..###.#.#..#.#.........##
##.......##...............
#.##.##.## #.............
#..#.....# #............
##..###..# #............
#####.###..# #.....##.....
#..........#####.#.....#...
#.........@5..##...#..#####
#..............##..#..
#.................###.
#...............#. ..
#..........####.#. .#
#..........# ..
#..........# # #.<........#


You could see Grinder.

Vanquished Creatures
  2 adders (D:3)
  2 worms
  6 ball pythons
  3 bats (D:1)
  6 endoplasms
  3 giant cockroaches
  4 hobgoblins
  4 jackals (D:1)
  4 kobolds
  3 quokkas
  4 frilled lizards (D:2)
  4 goblins
  4 rats
49 creatures vanquished.

Vanquished Creatures (collateral kills)
  A giant cockroach (D:1)
  A goblin (D:1)
2 creatures vanquished.

Vanquished Creatures (others)
  19 plants
  2 toadstools (D:3)
21 creatures vanquished.

Grand Total: 72 creatures vanquished

Notes
Turn   | Place    | Note
-------+----------+-------------------------------------------
     0 | D:1      | Parcival the Vampire Necromancer began the quest for the
                  | Orb.
     0 | D:1      | Reached XP level 1. HP: 13/13 MP: 3/3
   239 | D:1      | Reached XP level 2. HP: 19/19 MP: 1/5
   463 | D:1      | Reached skill level 5 in Necromancy
   888 | D:1      | Gained mutation: You are afflicted with vampirism and can
                  | become a bat while bloodless. [Vampire growth]
   888 | D:1      | Reached XP level 3. HP: 24/24 MP: 4/6
  2393 | D:3      | Noticed Grinder
  2460 | D:3      | Found an ornate altar of the Wu Jian Council.
  2460 | D:3      | Found an iron altar of Okawaru.
  2574 | D:3      | Reached XP level 4. HP: 4/30 MP: 5/7
  2775 | D:3      | Slain by Grinder

Illustrated notes

Levels and vault maps discovered:
D:1:      lordsloth_arrival_two_stooges, layout_basic
D:2:      cheibrodos_old_hovel, layout_basic, chequers_serial_rivers_micro_d
D:3:      layout_rooms, mainiacjoe_overflow_chevrons,
          gammafunk_temple_overflow_wave, grunt_ministairs_8,
          minmay_gold_behind_fungi, uniq_grinder

Skill      XL: |  1  2 |
---------------+-------+-----
Necromancy     | 5 |  5.6
Fighting       | |  0.2
Short Blades   | |  0.3
Dodging        | |  2.3
Stealth        | |  3.0
Unarmed Combat | |  0.6
Spellcasting   | |  2.6

Action                     |  1- 3 |  4- 6 || total
---------------------------+-------+-------++-------
  Melee: Unarmed           |    40 |       ||    40
         Bite              |     6 |       ||     6
         Punch             |     1 |       ||     1
         Dagger            |    11 |       ||    11
         Quarterstaff      |     7 |       ||     7
         Short sword       |       |     5 ||     5
   Cast: Necrotise         |    82 |     6 ||    88
    Use: Scroll            |     5 |       ||     5
         Potion            |     3 |     1 ||     4
 Armour: Robe              |    11 |     1 ||    12
         Chain mail        |       |     7 ||     7
  Dodge: Dodged            |    85 |     6 ||    91

Table legend: (Time is in decaauts)
 A = Elapsed time spent in this place.
 B = Non-inter-level travel time spent in this place.
 C = Inter-level travel time spent in this place.
 D = Time resting spent in this place.
 E = Time spent auto-exploring this place.
 F = Levels seen in this place.
 G = Mean time per level.
                   A        B        C        D        E       F      G
               +--------+--------+--------+--------+--------+-----+--------+
         Total |   2774 |   2705 |     69 |    169 |   2057 |   3 |  924.7 |
       Dungeon |   2774 |   2705 |     69 |    169 |   2057 |   3 |  924.7 |
               +--------+--------+--------+--------+--------+-----+--------+

Top non-repeatable levels by time:
     D:1: 1393 daAuts
     D:2: 985 daAuts
     D:3: 395 daAuts
